AoeStats
← mhmo

MegaRandom

507490228Analyzed
4v4 RM · 14d ago on Sep 18, 2026· 45m 51s· 8 players
Game mode
Random Map
Map size
Large (8 player)
Population
200
Speed
Normal
Resources
Standard
Victory
Conquest
Starting age
Dark Age
Ending age
Imperial Age
RankedLock teamsTeams togetherTeam positionsShared explorationLock speedFull tech treeHidden civsTurbo modeCheats
Victory
Defeat
🇫🇷 Chinese · France
1021
+12
🇮🇳 Koreans · India
1017
+13
🇫🇮 Saracens · Finland
981
+14
🇫🇮 Franks · Finland
880
+19
🇨🇱 Poles · Chile
973
-16
🇯🇵 Vietnamese · Japan
957
-15
🇨🇱 Armenians · Chile
944
-15
🇦🇷 Khmer · Argentina
877
-12
weritox69
2:07 Loom
12:37 Feudal Age
13:02 Man-at-Arms
13:28 Arson
13:37 Double-Bit Axe
13:43 Gold Mining
16:42 Fletching
24:08 Castle Age
22:48 Padded Archer Armor
23:32 Stone Mining
24:27 Crossbowman
24:51 Horse Collar
26:42 Wheelbarrow
29:54 Hand Cart
32:20 Town Watch
36:55 Ballistics
37:35 Bodkin Arrow
37:56 Leather Archer Armor
40:17 Imperial Age
38:43 Elite Skirmisher
41:28 Conscription
41:03 Capped Ram
41:07 Elite Composite Bowman
42:22 Scale Mail Armor
42:33 Forging
42:27 Town Patrol
42:04 Pikeman
42:45 Squires
42:30 Gambesons
Maldotroid
1:04 Loom
14:30 Feudal Age
15:37 Double-Bit Axe
22:33 Castle Age
21:02 Horse Collar
21:16 Gold Mining
22:06 Wheelbarrow
22:03 Scale Barding Armor
22:11 Forging
24:22 Bow Saw
25:25 Hand Cart
26:33 Fishing Lines
28:51 Szlachta Privileges
28:51 Fletching
29:37 Heavy Plow
31:51 Masonry
33:28 Bloodlines
33:55 Fortified Wall
37:08 Bodkin Arrow
39:29 Town Watch
40:40 Chain Barding Armor
42:37 Iron Casting
46:19 Imperial Age
Poko_soccer
5:51 Loom
9:29 Feudal Age
10:20 Double-Bit Axe
10:33 Horse Collar
12:18 Forging
16:27 Bloodlines
16:44 Scale Barding Armor
19:02 Wheelbarrow
22:34 Castle Age
20:48 Fletching
20:59 Padded Archer Armor
Luce
11:13 Feudal Age
19:18 Castle Age
18:44 Double-Bit Axe
18:42 Horse Collar
21:13 Bow Saw
21:26 Heavy Plow
27:08 Stone Mining
29:24 Gold Mining
30:09 Stone Shaft Mining
34:01 Imperial Age
31:40 Light Cavalry
32:30 Bloodlines
33:46 Husbandry
37:26 Gold Shaft Mining
37:14 Scale Mail Armor
37:24 Forging
37:20 Scale Barding Armor
38:17 Chemistry
37:04 Cavalier
39:02 Hussar
averagewade
11:08 Feudal Age
12:41 Loom
14:18 Wheelbarrow
13:37 Double-Bit Axe
15:37 Fletching
16:09 Fishing Lines
22:06 Castle Age
20:51 Gold Mining
23:28 Medium Warships
25:07 Bow Saw
24:52 Gillnets
29:47 Scale Barding Armor
29:53 Forging
30:24 Husbandry
30:35 Bloodlines
33:31 Chain Barding Armor
38:40 Imperial Age
41:30 Elite Mameluke
Pegasus75
0:35 Loom
12:14 Feudal Age
17:36 Castle Age
16:10 Stone Mining
19:11 Double-Bit Axe
19:19 Gold Mining
20:22 Squires
24:50 Wheelbarrow
31:12 Horse Collar
32:47 Thumb Ring
32:34 Fletching
34:44 Hand Cart
39:19 Imperial Age
36:49 Bodkin Arrow
36:55 Padded Archer Armor
37:05 Forging
36:56 Scale Mail Armor
38:03 Pikeman
38:13 Pikeman
39:48 Gold Shaft Mining
39:49 Stone Shaft Mining
41:20 Conscription
40:33 Halberdier
43:11 Ballistics
43:52 Chemistry
42:48 Murder Holes
44:37 Iron Casting
44:17 Chain Mail Armor
44:03 Bracer
44:27 Masonry
mhmo
11:19 Feudal Age
12:53 Loom
20:49 Castle Age
19:35 Scale Mail Armor
19:45 Forging
23:40 Chain Mail Armor
24:01 Iron Casting
24:27 Double-Bit Axe
26:12 Wheelbarrow
28:17 Hand Cart
34:22 Imperial Age
36:12 Plate Mail Armor
36:43 Blast Furnace
36:52 Husbandry
36:13 Cavalier
36:19 Cavalier
37:50 Paladin
kicha
11:38 Feudal Age
12:15 Loom
17:38 Castle Age
22:42 Double-Bit Axe
24:36 Fletching
24:55 Horse Collar
27:25 Wheelbarrow
28:01 Heavy Plow
29:49 Hand Cart
29:22 Town Watch
33:40 Imperial Age
31:32 Gold Mining
31:36 Stone Mining
34:03 Bodkin Arrow
34:08 Elite Turtle Ship
36:33 Town Patrol
37:11 Bracer
38:15 Chemistry
37:36 Ballistics
37:26 Siege Engineers
37:33 Masonry
38:42 Conscription
38:33 Eupseong
38:44 Elite Cannon Galleon
42:02 Arson
42:18 Squires
41:39 Elite Fire Lancer
44:33 Scale Mail Armor
44:44 Forging
45:19 Arrowslits
46:21 Chain Mail Armor
46:42 Iron Casting
Connection lost

Rejoining the realm…

Still unreachable

The connection could not be restored.

Session expired

The server has moved on; the page needs a fresh start.